 Dungeon Sprint DCSS version 0.30-a0-272-gf98c3da03f (webtiles) character file.

Game seed: 3252634224381214550

2429 rocky1 the Carver (level 9, -2/78 HPs)
             Began as a Demonspawn Monk on Oct 16, 2022.
             Was an Elder of Ru.
             Slain by Sonja
             ... wielding a +1 short sword of distortion
              (15 damage)
             ... in the Dungeon (Sprint VII: "The Pits").
             The game lasted 00:08:26 (1367 turns).

rocky1 the Carver (Demonspawn Monk)                 Turns: 1367, Time: 00:08:26

Health: -2/78      AC: 17    Str: 12    XL:     9   Next: 24%
Magic:  4/9        EV: 11    Int: 16    God:    Ru [****..]
Gold:   0          SH:  4    Dex: 18    Spells: 8/8 levels left

rFire   x . .      SeeInvis .    n - +5 long sword (flame)
rCold   x . .      Faith    .    (no shield)
rNeg    . . .      Spirit   .    s - +4 chain mail
rPois   .          Reflect  .    (no helmet)
rElec   .          Harm     .    (no cloak)
rCorr   .          Rampage  .    (no gloves)
Will    .....      NoTele   +    r - +0 pair of boots
Stlth   +.........               (no amulet)
HPRegen 0.33/turn                o - +3 ring of evasion
MPRegen 0.11/turn                p - +3 ring of intelligence

@: lethally poisoned (-2 -> -7), exhausted, slowed, very slow
A: claws 1, yellow scales 2, inability to use devices, temperature sensitive,
condensation shield, demonic magic 1
a: Renounce Religion, Draw Out Power, Power Leap


You were in the Dungeon.
You worshipped Ru.
Ru was greatly pleased with you.
You visited 1 branch

Inventory:

Hand Weapons
 n - a +5 long sword of flaming (weapon)
 t - a +2 halberd of protection
Armour
 r - a +0 pair of boots (worn)
 s - a +4 chain mail (worn)
Jewellery
 o - a +3 ring of evasion (left claw)
 p - a +3 ring of intelligence (right claw)
Scrolls
 i - a scroll of blinking
 k - 5 scrolls of amnesia
 l - a scroll of summoning
Potions
 c - a potion of ambrosia
 d - 7 potions of curing
 e - 5 potions of heal wounds
 f - 4 potions of haste
 g - 4 potions of magic
 q - 4 potions of mutation


   Skills:
 - Level 10.2 Fighting
 * Level 11.1 Long Blades
 - Level 5.9 Polearms
 - Level 4.2 Armour
 - Level 8.9 Dodging
 - Level 7.0 Stealth
 - Level 5.0 Shields


You had 8 spell levels left.
You didn't know any spells.
Your spell library was empty.

Dungeon Overview and Level Annotations

Branches:
Dungeon (1/1)

Altars:
Ashenzari
Cheibriados
Dithmenos
Fedhas
Gozag
Hepliaklqana
Kikubaaqudgha
Makhleb
Nemelex Xobeh
Okawaru
Qazlal
Ru
Sif Muna
Trog
Uskayaw
Vehumet
Wu Jian
Xom
Yredelemnul
Jiyva
Lugonu

Annotations:
D Sonja


Innate Abilities, Weirdness & Mutations

You have sharp fingernails.
You are mostly covered in yellow scales. (AC +3)
You cannot study or use magical devices.
You are sensitive to extremes of temperature. (rF-, rC-)
A meltable shield of frost defends you. (SH +4)
Spells you cast may paralyse adjacent enemies.


Message History

Your Long Blades skill increases to level 11!
You miss Sonja.
Sonja is severely wounded.
The orc wizard hits you but does no damage.
Sonja bows elegantly.
Sonja casts a spell.
Sonja blinks!
You closely miss the orc wizard.
The orc priest hits you but does no damage.
The orc wizard hits you but does no damage.
You barely miss the orc wizard.
Sonja throws a curare-tipped dart.
The curare-tipped dart misses you.
You redirect the orc priest's attack!
The orc priest calls down the wrath of Beogh upon Sonja.
The orc wizard writhes in agony!
The orc wizard dies!
You hit the orc priest but do no damage.
The orc priest calls down the wrath of Beogh upon you.
Pain shoots through your body!
You hit the orc priest. You burn the orc priest.
The orc priest is heavily wounded.
You slash the orc priest! You burn the orc priest.
You kill the orc priest!
Sonja throws a curare-tipped dart.
The curare-tipped dart hits you.
You are poisoned.
You have difficulty breathing.
You feel yourself slow down.
You feel very sick. Sonja hits you but does no damage. Space warps around you.
You focus your inner power and illuminate Sonja in retribution!
Sonja barely misses you. x4; Sonja closely misses you.
You miss Sonja.
Sonja is severely wounded.
You feel very sick.
Sonja hits you with a +1 short sword of distortion.
Space warps around you. Sonja hits you but does no damage.
Space warps horribly around you!
* * * LOW HITPOINT WARNING * * *
You focus your inner power and illuminate Sonja in retribution!
Sonja hits you but does no damage. Space warps horribly around you!
You die...

#'###...<...###....##
...##.......# ##''##
...##.......###....##
#####.......##......#
#.. ##########......+
#.############......#
#.#....#...[###....##
#)#....#...[# ##K'##
#.'....'..))###.@).##
#'#....#..).##...)..#
'.#....#..))##...)..#
#####################


You could see Sonja (corona).

Vanquished Creatures
  A black mamba (D)
  A cane toad (D)
  An efreet (D)
  A tyrant leech (D)
  Prince Ribbit (D)
  A flying skull (D)
  A shadow (D)
  A warg (D)
  A water moccasin (D)
  An orc warrior (D)
  An ogre (D)
  A wolf (D)
  A centaur (D)
  2 necrophages (D)
  A scorpion (D)
  A crimson imp (D)
  An orc priest (D)
  An iguana (D)
  An adder (D)
  A river rat (D)
  4 orcs (D)
  A bat (D)
  An endoplasm (D)
  A giant cockroach (D)
  A quokka (D)
  A ball python skeleton (D)
  A giant cockroach zombie (D)
  A kobold (D)
  A rat (D)
33 creatures vanquished.

Vanquished Creatures (others)
  An orc wizard (D)
1 creature vanquished.

Grand Total: 34 creatures vanquished

Notes
Turn   | Place    | Note
-------+----------+-------------------------------------------
     0 | D        | rocky1 the Demonspawn Monk began the quest for the Orb.
     0 | D        | Reached XP level 1. HP: 18/18 MP: 1/1
    18 | D        | Found a bloodstained altar of Trog.
    18 | D        | Found a shimmering blue altar of Sif Muna.
    18 | D        | Found a viscous altar of Jiyva.
    18 | D        | Found a hazy altar of Hepliaklqana.
    18 | D        | Found an opulent altar of Gozag.
    19 | D        | Found a basalt altar of Yredelemnul.
    19 | D        | Found a shimmering altar of Xom.
    19 | D        | Found an ornate altar of the Wu Jian Council.
    19 | D        | Found a sacrificial altar of Ru.
    19 | D        | Found a stormy altar of Qazlal.
    19 | D        | Found an iron altar of Okawaru.
    19 | D        | Found a sparkling altar of Nemelex Xobeh.
    19 | D        | Found a burning altar of Makhleb.
    19 | D        | Found a blossoming altar of Fedhas.
    19 | D        | Found a shadowy altar of Dithmenos.
    19 | D        | Found a snail-covered altar of Cheibriados.
    22 | D        | Found a corrupted altar of Lugonu.
    22 | D        | Found a radiant altar of Vehumet.
    23 | D        | Found an ancient bone altar of Kikubaaqudgha.
    23 | D        | Found a hide-covered altar of Uskayaw.
    23 | D        | Found a broken altar of Ashenzari.
    45 | D        | Became a worshipper of Ru the Awakened
    46 | D        | Gained mutation: You cannot study or use magical devices.
                  | [Ru sacrifice]
    46 | D        | Reached * piety under Ru
    46 | D        | Reached ** piety under Ru
    86 | D        | Gained mutation: A meltable shield of frost defends you.
                  | (SH +4) [demonic ancestry]
    86 | D        | Reached XP level 2. HP: 19/25 MP: 2/2
   154 | D        | Noticed an orc warrior
   170 | D        | Reached XP level 3. HP: 31/31 MP: 3/3
   180 | D        | Killed an orc warrior
   181 | D        | Reached skill level 5 in Polearms
   181 | D        | Reached skill level 5 in Dodging
   181 | D        | Reached XP level 4. HP: 24/40 MP: 4/4
   330 | D        | Noticed an ogre
   331 | D        | Noticed a warg
   331 | D        | Noticed a necrophage
   343 | D        | Reached skill level 1 in Long Blades
   343 | D        | Gained mutation: Spells you cast may paralyse adjacent
                  | enemies. [demonic ancestry]
   343 | D        | Reached XP level 5. HP: 42/47 MP: 5/5
   349 | D        | Killed a warg
   350 | D        | Reached skill level 3 in Long Blades
   350 | D        | Reached skill level 1 in Shields
   350 | D        | Gained mutation: You are partially covered in yellow
                  | scales. (AC +2) [demonic ancestry]
   350 | D        | Reached XP level 6. HP: 55/55 MP: 6/6
   352 | D        | Reached skill level 4 in Long Blades
   357 | D        | Reached skill level 5 in Long Blades
   376 | D        | Gained mutation: You are sensitive to extremes of
                  | temperature. (rF-, rC-) [Ru sacrifice]
   376 | D        | Reached *** piety under Ru
   376 | D        | Reached **** piety under Ru
   421 | D        | Noticed a water moccasin
   424 | D        | Killed a water moccasin
   425 | D        | Reached skill level 5 in Stealth
   425 | D        | Reached XP level 7. HP: 63/63 MP: 7/7
   426 | D        | Noticed a shadow
   428 | D        | Killed a shadow
   429 | D        | Reached skill level 6 in Long Blades
   429 | D        | Reached skill level 1 in Armour
   430 | D        | Noticed Prince Ribbit
   446 | D        | Killed Prince Ribbit
   447 | D        | Gained mutation: You have sharp fingernails. [demonic
                  | ancestry]
   447 | D        | Reached XP level 8. HP: 71/71 MP: 8/8
   551 | D        | Noticed an efreet
   551 | D        | Noticed a cane toad
   560 | D        | Killed a cane toad
   561 | D        | Reached skill level 7 in Long Blades
   565 | D        | HP: 3/108 [efreet/+0 scimitar of flaming (9)]
   567 | D        | Killed an efreet
   568 | D        | Reached skill level 10 in Fighting
   572 | D        | Reached skill level 5 in Shields
  1112 | D        | Noticed a tyrant leech
  1112 | D        | Noticed a black mamba
  1138 | D        | Killed a black mamba
  1139 | D        | Reached skill level 9 in Long Blades
  1157 | D        | Killed a tyrant leech
  1158 | D        | Reached skill level 10 in Long Blades
  1158 | D        | Gained mutation: You are mostly covered in yellow scales.
                  | (AC +3) [demonic ancestry]
  1158 | D        | Reached XP level 9. HP: 31/78 MP: 9/9
  1358 | D        | Noticed Sonja
  1360 | D        | Reached skill level 11 in Long Blades
  1367 | D        | Slain by Sonja

Illustrated notes

Levels and vault maps discovered:
D:        pitsprint [storerooms_1, entrance_room_1, metal_vault_2, armoury_1,
          mini_pit_1, grid_room_1, main_hall_1, silver_pit, the_coven_3,
          the_vestibule_1, steel_vault_5, golden_pit, hallway_of_sentries,
          crystal_vault_2, iron_vault_1, final_vault]

Skill      XL: |  1  2  3  4  5  6  7  8  9 |
---------------+----------------------------+-----
Polearms       | 3 5 |  5.9
Dodging        | 3 5 6 7 8 |  8.9
Stealth        | 2 3 4 5 6 7 |  7.0
Fighting       | 4 6 7 8 9 10 | 10.2
Long Blades    | 1 3 5 6 10 11 | 11.1
Shields        | 1 2 3 5 |  5.0
Armour         | 3 4 |  4.2

Action                   |  1- 3 |  4- 6 |  7- 9 || total
-------------------------+-------+-------+-------++-------
Melee: Trident           |    41 |       |       ||    41
       Spear             |     1 |       |       ||     1
       Long sword        |       |    20 |    66 ||    86
       Punch             |       |       |     1 ||     1
Invok: Sacrifice Artific |     1 |       |       ||     1
       Sacrifice Resista |       |     1 |       ||     1
       Power Leap        |       |       |     1 ||     1
  Use: Potion            |     1 |     3 |     6 ||    10
 Stab: Sleeping          |     2 |     1 |     1 ||     4
       Invisible         |       |     1 |       ||     1
Armor: Robe              |     2 |     3 |       ||     5
       Chain mail        |       |       |    21 ||    21
Dodge: Dodged            |    19 |    10 |    37 ||    66
Block: Other             |     5 |     5 |    11 ||    21

Table legend: (Time is in decaauts)
 A = Elapsed time spent in this place.
 B = Non-inter-level travel time spent in this place.
 C = Inter-level travel time spent in this place.
 D = Time resting spent in this place.
 E = Time spent auto-exploring this place.
 F = Levels seen in this place.
 G = Mean time per level.
                   A        B        C        D        E       F      G
               +--------+--------+--------+--------+--------+-----+--------+
         Total |   1388 |   1325 |     63 |    860 |      0 |   1 | 1388.0 |
       Dungeon |   1388 |   1325 |     63 |    860 |      0 |   1 | 1388.0 |
               +--------+--------+--------+--------+--------+-----+--------+

Top non-repeatable levels by time:
       D: 1388 daAuts
